[Event "Titled Tuesday Blitz August 1 Early 2023"]
[White "Wieczorek, Oskar"]
[Black "Kaczur, Florian"]
[WhiteFideId "1133950"]
[BlackFideId "705098"]
[WhiteElo "2661"]
[BlackElo "2773"]
[Result "0-1"]
[Round "8"]
[TimeControl "180+1"]
[Date "2023.08.01"]
[WhiteClock "0:00:00"]
[BlackClock "0:00:23"]
[Board "35"]

1. e4 c5 2. Nf3 Nc6 3. b4 Nxb4 4. c3 Nc6 5. d4 d6 6. d5 Nb8 7. c4 e5 8. dxe6 Bxe6 9. Nc3 Nf6 10. Rb1 b6 11. Nd5 Nbd7 12. Bd3 Be7 13. O-O O-O 14. h3 Re8 15. Re1 Bf8 16. Bb2 Bxd5 17. cxd5 g6 18. Bb5 a6 19. Bc6 Ra7 20. e5 dxe5 21. Nxe5 Rc7 22. d6 Ra7 23. Nxd7 Nxd7 24. Rxe8 Qxe8 25. Qd2 Qe6 26. Re1 Qxd6 27. Qxd6 Bxd6 28. Rd1 Be5 29. Bc1 Nb8 30. Ba4 Kg7 31. Re1 Bd4 32. Re8 b5 33. Rxb8 bxa4 34. Kf1 Re7 35. Rb6 h5 36. Rxa6 Rb7 37. Ke2 Rb1 38. Kd2 Bb2 39. Kc2 Rxc1+ 40. Kxb2 Rf1 41. Rxa4 Rxf2+ 42. Kc3 Rxg2 43. Ra5 Rg3+ 44. Kc4 Rxh3 45. Kxc5 Rg3 46. Kb6 h4 47. a4 h3 48. Rb5 Rg4 49. a5 h2 0-1


[Site "https://www.chess.com"]

[Event "Titled Tuesday Blitz August 1 Early 2023"]
[White "Aradhya, Garg"]
[Black "Ovetchkin, Roman"]
[WhiteFideId "25006746"]
[BlackFideId "4119991"]
[WhiteElo "2762"]
[BlackElo "2655"]
[Result "1-0"]
[Round "8"]
[TimeControl "180+1"]
[Date "2023.08.01"]
[WhiteClock "0:00:17"]
[BlackClock "0:00:00"]
[Board "36"]

1. d4 Nf6 2. c4 c5 3. d5 b5 4. cxb5 a6 5. b6 g6 6. Nc3 Qxb6 7. Nf3 d6 8. Nd2 Bg7 9. Nc4 Qd8 10. a4 Nbd7 11. a5 O-O 12. e4 Ne8 13. Be2 Nc7 14. O-O Nb5 15. Bd2 Nd4 16. Rb1 Rb8 17. Na4 f5 18. exf5 Rxf5 19. Ne3 Nxe2+ 20. Qxe2 Rf7 21. b4 cxb4 22. Bxb4 Bd4 23. Rfd1 Ba7 24. Bc3 Rxb1 25. Rxb1 Nc5 26. Nb6 Bd7 27. Nxd7 Nxd7 28. Ng4 Kf8 29. Qe6 Qc7 30. Nh6 Bxf2+ 31. Kh1 Rg7 32. Bxg7+ Kxg7 33. Qf7+ Kxh6 34. Qxf2 Nf6 35. Rd1 Kg7 36. Qe3 Kf8 37. h3 Qc4 38. Qe6 Qb5 39. g4 Qxa5 40. g5 Qa4 41. Rf1 Qc4 42. Kg2 1-0


[Site "https://www.chess.com"]

[Event "Titled Tuesday Blitz August 1 Early 2023"]
[White "Iskusnyh, Sergei"]
[Black "Kobo, Ori"]
[WhiteFideId "4120027"]
[BlackFideId "2812320"]
[WhiteElo "2644"]
[BlackElo "2761"]
[Result "1-0"]
[Round "8"]
[TimeControl "180+1"]
[Date "2023.08.01"]
[WhiteClock "0:00:48"]
[BlackClock "0:00:09"]
[Board "37"]

1. d4 Nf6 2. c4 g6 3. g3 Bg7 4. Bg2 d6 5. Nf3 O-O 6. Nc3 c6 7. O-O Bf5 8. Bd2 Ne4 9. Be1 Nxc3 10. Bxc3 Be4 11. Rc1 d5 12. b3 e6 13. e3 Nd7 14. Qe2 a5 15. Rfd1 a4 16. b4 dxc4 17. Qxc4 Nb6 18. Qe2 a3 19. Bf1 Bxf3 20. Qxf3 Nd5 21. Be1 Qe7 22. Rb1 f5 23. b5 c5 24. Bc4 cxd4 25. Bxd5 exd5 26. Bb4 Qe4 27. Qxe4 fxe4 28. Bxf8 Rxf8 29. exd4 Ra8 30. Rbc1 Ra4 31. Rc8+ Kf7 32. Rc7+ Kf8 33. Rxb7 Bxd4 34. Rc1 1-0


[Site "https://www.chess.com"]

[Event "Titled Tuesday Blitz August 1 Early 2023"]
[White "Mamedov, Edgar"]
[Black "Starozhilov, Leonid"]
[WhiteFideId "13739980"]
[BlackFideId "14106752"]
[WhiteElo "2637"]
[BlackElo "2756"]
[Result "1-0"]
[Round "8"]
[TimeControl "180+1"]
[Date "2023.08.01"]
[WhiteClock "0:00:06"]
[BlackClock "0:00:04"]
[Board "38"]

1. d4 Nf6 2. Nf3 g6 3. Nbd2 Bg7 4. e4 d6 5. Bd3 O-O 6. c3 c5 7. O-O cxd4 8. cxd4 Nc6 9. Re1 Bg4 10. h3 Bxf3 11. Nxf3 Nd7 12. Be3 Qb6 13. d5 Nd4 14. Bxd4 Bxd4 15. Nxd4 Qxd4 16. Bb5 Qxd1 17. Raxd1 Nb6 18. e5 a6 19. exd6 exd6 20. Bf1 Rfe8 21. Rxe8+ Rxe8 22. g3 Re5 23. Bg2 Re2 24. Rb1 Kg7 25. Kf1 Rc2 26. Be4 Rc4 27. Bf3 Rc5 28. b3 Rc2 29. a4 Nd7 30. b4 Ne5 31. Be2 Rd2 32. Rc1 Rd4 33. f4 Nd7 34. Rc7 Nf6 35. Rxb7 Nxd5 36. Bxa6 Nxb4 37. Bb5 Rd2 38. a5 d5 39. a6 Ra2 40. a7 Nc2 41. Bc6 Ne3+ 42. Ke1 d4 43. Rd7 Nc2+ 44. Kd1 Nb4 45. a8=Q Rxa8 46. Bxa8 Nd3 47. Kd2 Nc5 48. Rxd4 Nb3+ 49. Kc3 Nxd4 50. Kxd4 Kf6 51. Bd5 h6 52. g4 g5 53. f5 h5 54. Ke4 hxg4 55. hxg4 Ke7 56. Bxf7 Kxf7 57. Ke5 Ke7 58. f6+ 1-0


[Site "https://www.chess.com"]

[Event "Titled Tuesday Blitz August 1 Early 2023"]
[White "Guz, Ari"]
[Black "Djordjevic, Vuk"]
[WhiteFideId "2825759"]
[BlackFideId "902098"]
[WhiteElo "2601"]
[BlackElo "2755"]
[Result "0-1"]
[Round "8"]
[TimeControl "180+1"]
[Date "2023.08.01"]
[WhiteClock "0:00:00"]
[BlackClock "0:00:13"]
[Board "39"]

1. e4 e6 2. d4 d5 3. Nc3 Bb4 4. Ne2 dxe4 5. a3 Bxc3+ 6. Nxc3 Nc6 7. Bb5 Ne7 8. Nxe4 Qd5 9. Bd3 Qxd4 10. O-O Ng6 11. Bd2 O-O 12. Bc3 Qd5 13. Qe1 Nce5 14. Rd1 Nxd3 15. Rxd3 Qc6 16. Rh3 e5 17. Rh5 f6 18. f3 Nf4 19. Rh4 Bf5 20. Qe3 b6 21. Kh1 Rad8 22. h3 Rd7 23. Rxf4 exf4 24. Qxf4 Bxe4 25. fxe4 Qc4 26. Qf5 Rdf7 27. Kh2 Re8 28. Rf4 Qe6 29. Qh5 Ref8 30. Rh4 g6 31. Qh6 Re8 32. Rg4 Qd6+ 33. Kh1 Qc6 34. Qf4 Re6 35. h4 Qc5 36. Kh2 Rfe7 37. Bxf6 Rxe4 38. Qh6 Qd6+ 39. Kh3 Qxf6 0-1


[Site "https://www.chess.com"]

[Event "Titled Tuesday Blitz August 1 Early 2023"]
[White "Matinian, Nikita"]
[Black "Kleiman, Jake"]
[WhiteFideId "24129100"]
[BlackFideId "2020041"]
[WhiteElo "2754"]
[BlackElo "2537"]
[Result "1-0"]
[Round "8"]
[TimeControl "180+1"]
[Date "2023.08.01"]
[WhiteClock "0:00:09"]
[BlackClock "0:00:09"]
[Board "40"]

1. e4 e5 2. Nf3 Nc6 3. Bb5 a6 4. Ba4 Nf6 5. O-O b5 6. Bb3 Bc5 7. c3 d6 8. d4 Bb6 9. Be3 Bg4 10. Nbd2 O-O 11. h3 Bh5 12. dxe5 Nxe5 13. Bxb6 cxb6 14. g4 Bg6 15. Nxe5 dxe5 16. f3 Qd3 17. Rf2 Qe3 18. Nf1 Qg5 19. Qd2 Qh4 20. Rh2 Rad8 21. Qf2 Qxf2+ 22. Rxf2 h5 23. Ne3 Rd6 24. g5 Nd7 25. h4 Nc5 26. Bd5 Rfd8 27. Rd1 Kf8 28. Rfd2 Ne6 29. Kf2 Nf4 30. Ke1 f6 31. gxf6 gxf6 32. Bb7 Rxd2 33. Rxd2 Rxd2 34. Kxd2 a5 35. b4 Be8 36. Bc8 Ke7 37. Bf5 Kd6 38. a3 Bf7 39. Bc8 Bg6 40. Bf5 Be8 41. Bc8 Bg6 42. Ba6 Kc6 43. c4 bxc4 44. Bxc4 Kd6 45. Kc3 Bh7 46. Bf1 Bg6 47. bxa5 bxa5 48. Nc4+ Kc5 49. Nxa5 Bf7 50. Nb7+ Kc6 51. Nd8+ Kd6 52. Nxf7+ Ke7 53. Nh6 Kf8 54. Nf5 1-0


[Site "https://www.chess.com"]

[Event "Titled Tuesday Blitz August 1 Early 2023"]
[White "Jones, Gawain C B"]
[Black "Souleidis, Georgios"]
[WhiteFideId "409561"]
[BlackFideId "4206827"]
[WhiteElo "2890"]
[BlackElo "2548"]
[Result "0-1"]
[Round "8"]
[TimeControl "180+1"]
[Date "2023.08.01"]
[WhiteClock "0:00:01"]
[BlackClock "0:00:06"]
[Board "41"]

1. c4 e5 2. Nf3 Nc6 3. d3 Nf6 4. g3 a6 5. Bg2 Bc5 6. O-O d6 7. Nc3 h6 8. e3 O-O 9. h3 Ba7 10. a3 Re8 11. b4 Bf5 12. Bb2 Qd7 13. Kh2 Rad8 14. Nh4 Bh7 15. Qd2 Qc8 16. Rae1 Ne7 17. f4 Ng6 18. Nxg6 Bxg6 19. e4 c6 20. f5 Bh7 21. g4 Qc7 22. Rc1 Qb6 23. Rf3 Kh8 24. g5 hxg5 25. Qxg5 Qc7 26. Rg3 Rg8 27. Bf3 Bd4 28. Qd2 Qe7 29. Nd1 Ba7 30. Ne3 Bb8 31. Rcg1 d5 32. Qg2 dxe4 33. dxe4 Ne8 34. Rg5 Rd3 35. Qe2 Qd8 36. Bc1 Ba7 37. Rh5 Nf6 38. Rh4 Qd4 39. Re1 Rd8 40. c5 a5 41. Ng4 Nxg4+ 42. Rxg4 axb4 43. axb4 Qxb4 44. Reg1 Rd2 45. Bxd2 Rxd2 46. Qxd2 Qxd2+ 47. R1g2 Qe3 48. Bd1 Bxc5 49. Rxg7 Qf4+ 50. R7g3 Bf2 51. Bf3 Bxg3+ 52. Rxg3 Qd2+ 53. Rg2 Qf4+ 54. Rg3 b5 55. Kg2 b4 56. Rg4 Qd2+ 57. Kf1 b3 58. Rg2 Qxg2+ 59. Kxg2 b2 0-1


[Site "https://www.chess.com"]

[Event "Titled Tuesday Blitz August 1 Early 2023"]
[White "Molina, Roberto Junio Brito"]
[Black "Sipila, Vilka"]
[WhiteFideId "2109450"]
[BlackFideId "505455"]
[WhiteElo "2846"]
[BlackElo "2630"]
[Result "0-1"]
[Round "8"]
[TimeControl "180+1"]
[Date "2023.08.01"]
[WhiteClock "0:00:00"]
[BlackClock "0:00:16"]
[Board "42"]

1. e4 c5 2. Nf3 e6 3. d4 cxd4 4. Nxd4 Nf6 5. Nc3 Nc6 6. Nxc6 bxc6 7. e5 Nd5 8. Ne4 Bb7 9. c4 Nb4 10. Be3 Qa5 11. Nc3 Qxe5 12. a3 Na6 13. Be2 Bc5 14. Bxc5 Nxc5 15. O-O O-O 16. Rc1 d5 17. b4 Nd7 18. Re1 Qg5 19. cxd5 cxd5 20. Nb5 d4 21. Bf1 Ne5 22. Rc5 Bd5 23. h4 Qf5 24. Nxd4 Qf6 25. Bc4 Nxc4 26. Nb5 Rad8 27. Qe2 a6 28. Nc7 Nxa3 29. Qxa6 Nc2 30. Rxc2 Bxg2 31. Qc4 Bf3 32. Kh2 Rd4 0-1


[Site "https://www.chess.com"]

[Event "Titled Tuesday Blitz August 1 Early 2023"]
[White "NovoselovRoman"]
[Black "Timofeev, Artyom"]
[BlackFideId "4140419"]
[WhiteElo "2614"]
[BlackElo "2846"]
[Result "0-1"]
[Round "8"]
[TimeControl "180+1"]
[Date "2023.08.01"]
[WhiteClock "0:00:00"]
[BlackClock "0:00:06"]
[Board "43"]

1. e4 d6 2. Nc3 Nf6 3. Nf3 g6 4. g3 Bg7 5. Bg2 O-O 6. d3 c5 7. h3 Nc6 8. Be3 e5 9. Qd2 Nd4 10. Ne2 Nxf3+ 11. Bxf3 b6 12. Bh6 Be6 13. h4 Bxh6 14. Qxh6 Kh8 15. h5 Ng8 16. Qe3 g5 17. h6 Rc8 18. O-O-O f6 19. Kb1 Ne7 20. c3 d5 21. d4 Qc7 22. exd5 Nxd5 23. Bxd5 Bxd5 24. Rhe1 exd4 25. cxd4 Rfe8 26. Qc3 Qf7 27. Nc1 c4 28. Ka1 a5 29. f4 g4 30. Qa3 Qd7 31. Qc3 Kg8 32. Rxe8+ Rxe8 33. Re1 Kf7 34. Re3 Kg6 35. Ne2 Kxh6 36. a3 Kg7 37. Qd2 h5 38. f5 Bf7 39. Nf4 Rxe3 40. Qxe3 Qxf5 41. d5 Bxd5 42. Qxb6 Bf7 43. Qe3 Qe5 44. Qd2 a4 45. Qd1 c3 46. bxc3 Qxc3+ 47. Kb1 Qxa3 48. Qd7 Qb3+ 49. Kc1 Qc3+ 50. Kb1 Qe5 51. Qxa4 h4 0-1


[Site "https://www.chess.com"]

[Event "Titled Tuesday Blitz August 1 Early 2023"]
[White "Krzyzanowski, Marcin"]
[Black "musclemonster12"]
[WhiteFideId "1132199"]
[WhiteElo "2788"]
[BlackElo "2615"]
[Result "1-0"]
[Round "8"]
[TimeControl "180+1"]
[Date "2023.08.01"]
[WhiteClock "0:00:05"]
[BlackClock "0:00:04"]
[Board "44"]

1. e4 c5 2. Nf3 d6 3. d4 cxd4 4. Nxd4 Nf6 5. Nc3 Nc6 6. Bc4 Qb6 7. Nb3 e6 8. Bf4 Ne5 9. Be2 Bd7 10. O-O Be7 11. Be3 Qc7 12. Nb5 Bxb5 13. Bxb5+ Ned7 14. Bd3 d5 15. exd5 Nxd5 16. Bd4 O-O 17. Re1 Bf6 18. c3 Bxd4 19. Nxd4 N7f6 20. Qf3 a6 21. Rad1 Rad8 22. Bb1 Qf4 23. Qxf4 Nxf4 24. g3 N4d5 25. Nb3 b6 26. Rd4 Ne7 27. Red1 Rxd4 28. Rxd4 Nc6 29. Rd6 Rc8 30. f4 Kf8 31. Bd3 b5 32. Bf1 Ke7 33. Rd1 Rd8 34. Rxd8 Kxd8 35. Nc5 Nb8 36. Kf2 Kc7 37. Be2 Kb6 38. Nd3 Nc6 39. g4 Nd7 40. g5 a5 41. Ke3 a4 42. h4 Kc7 43. h5 Kd6 44. Nf2 Nc5 45. Bd1 Ne7 46. Bf3 Nf5+ 47. Kd2 g6 48. hxg6 hxg6 49. Ng4 Ng7 50. Ne5 Ke7 51. Bc6 Nh5 52. Ke3 f6 53. gxf6+ Nxf6 54. Bxb5 Kd6 55. Bc4 Nfd7 56. Nxg6 Nb6 57. Be2 Nd5+ 58. Kd4 a3 59. b4 Nb3+ 60. Kc4 Nc1 61. Bd1 Ne3+ 62. Kd4 Nxd1 63. Ne5 Nxa2 64. Nc4+ Kc6 65. Nxa3 Nc1 66. c4 Nb3+ 67. Ke5 Nd2 68. c5 Ne3 69. Kxe6 Nd5 70. f5 Nf3 71. f6 Nd4+ 72. Ke5 Nxf6 73. Kxd4 Nd5 74. b5+ 1-0


[Site "https://www.chess.com"]

[Event "Titled Tuesday Blitz August 1 Early 2023"]
[White "Ovchinnikov, Vsevolod"]
[Black "Gorovets, Andrey"]
[WhiteFideId "24176842"]
[BlackFideId "13504037"]
[WhiteElo "2610"]
[BlackElo "2755"]
[Result "1/2-1/2"]
[Round "8"]
[TimeControl "180+1"]
[Date "2023.08.01"]
[WhiteClock "0:00:08"]
[BlackClock "0:00:07"]
[Board "45"]

1. d4 Nf6 2. c4 e6 3. g3 c6 4. Bg2 d5 5. Nf3 b6 6. O-O Be7 7. Nbd2 Bb7 8. Ne5 O-O 9. e4 Na6 10. Re1 h6 11. b3 dxc4 12. Ndxc4 c5 13. Bb2 b5 14. Na3 Qb6 15. Qe2 Nc7 16. dxc5 Bxc5 17. Nd3 Be7 18. Nc2 Rfd8 19. Rad1 a5 20. Bc1 b4 21. Be3 Qa6 22. f3 Nb5 23. Nc1 Rdc8 24. Bf1 Nc3 25. Qxa6 Bxa6 26. Rd2 Bxf1 27. Kxf1 a4 28. Nd4 Ra5 29. Nd3 Kf8 30. Ne2 Ke8 31. Nxc3 bxc3 32. Rc2 axb3 33. axb3 Rb5 34. Rb1 Nd7 35. Bd4 Bf6 36. Bxf6 gxf6 37. Ke2 Nb6 38. b4 Na4 39. Rb3 Ke7 40. Ra3 Nb2 41. Raxc3 Rxc3 42. Rxc3 Nxd3 43. Rxd3 Rxb4 44. Ke3 Rb2 1/2-1/2


[Site "https://www.chess.com"]

[Event "Titled Tuesday Blitz August 1 Early 2023"]
[White "Cherniaiev, Tykhon"]
[Black "Sturt, Raven"]
[WhiteFideId "14182360"]
[BlackFideId "2007304"]
[WhiteElo "2753"]
[BlackElo "2601"]
[Result "1-0"]
[Round "8"]
[TimeControl "180+1"]
[Date "2023.08.01"]
[WhiteClock "0:00:07"]
[BlackClock "0:00:02"]
[Board "46"]

1. Nf3 f5 2. d3 Nc6 3. e4 e5 4. Nc3 Nf6 5. exf5 d5 6. d4 e4 7. Ne5 Bxf5 8. Bb5 Bd7 9. O-O Bd6 10. Bxc6 bxc6 11. Bf4 O-O 12. f3 exf3 13. Qxf3 Rb8 14. b3 Rb4 15. Qd3 c5 16. dxc5 Bxc5+ 17. Kh1 Rd4 18. Qa6 Bc8 19. Qb5 Bd6 20. Nc6 Bd7 21. Bxd6 Bxc6 22. Qc5 Qxd6 23. Qxd4 Bd7 24. h3 c5 25. Qf4 Qxf4 26. Rxf4 g5 27. Rff1 d4 28. Na4 Bxa4 29. bxa4 Kg7 30. Rf5 Ne4 31. Re5 Rf4 32. Re1 Ng3+ 33. Kh2 Nf1+ 34. Kg1 Ne3 35. Rxg5+ Kf6 36. Rxc5 h5 37. c3 Nc2 38. Re8 d3 39. Rf8+ Ke6 40. Rd8 Nd4 41. Re8+ Kd6 42. Re1 Kxc5 43. cxd4+ Kxd4 44. g3 Rf3 45. Kg2 Re3 46. Rf1 d2 47. Kf2 Kd3 48. Rb1 Re2+ 49. Kf1 Rh2 50. Kg1 Re2 51. Kf1 Kc2 52. Kxe2 Kxb1 53. Kxd2 Kxa2 54. g4 1-0


[Site "https://www.chess.com"]

[Event "Titled Tuesday Blitz August 1 Early 2023"]
[White "Lana Rodriguez, David"]
[Black "Weetik, Vjacheslav"]
[WhiteFideId "2270803"]
[BlackFideId "4153472"]
[WhiteElo "2596"]
[BlackElo "2745"]
[Result "1-0"]
[Round "8"]
[TimeControl "180+1"]
[Date "2023.08.01"]
[WhiteClock "0:01:31"]
[BlackClock "0:00:00"]
[Board "47"]

1. e4 c6 2. Nf3 d5 3. exd5 cxd5 4. d4 Nc6 5. c3 Bg4 6. Bb5 Qc7 7. Nbd2 e6 8. Qa4 Bxf3 9. Nxf3 Bd6 10. O-O Ne7 11. Re1 O-O 12. Bg5 Ng6 13. Bd3 a6 14. Qd1 Nf4 15. Bc2 Rae8 16. Rc1 Ng6 17. Bxg6 hxg6 18. Bh4 f6 19. Bg3 g5 20. Qd3 Bf4 21. Bxf4 gxf4 22. Re2 Qf7 23. Rce1 Re7 24. h4 Rfe8 25. Qd2 e5 26. dxe5 Nxe5 27. Qxf4 Nd3 28. Rxe7 Rxe7 29. Rxe7 Qxe7 30. Qd2 Qe4 31. Kf1 Nf4 32. Ne1 Ng6 33. g3 Ne5 34. Qd4 Qh1+ 35. Ke2 Kf7 36. b3 Ke6 37. Qb6+ Kf5 38. Qd4 Ke6 39. Qe3 Kf5 40. Nd3 Ng4 41. Qf4+ 1-0


[Site "https://www.chess.com"]

[Event "Titled Tuesday Blitz August 1 Early 2023"]
[White "Gireman, Ja"]
[Black "Fantastic_Power"]
[WhiteFideId "5043794"]
[WhiteElo "2594"]
[BlackElo "2739"]
[Result "0-1"]
[Round "8"]
[TimeControl "180+1"]
[Date "2023.08.01"]
[WhiteClock "0:00:07"]
[BlackClock "0:01:01"]
[Board "48"]

1. e4 c5 2. Nf3 Nc6 3. d4 cxd4 4. Nxd4 Nf6 5. Nc3 e6 6. Be2 Bb4 7. Nxc6 bxc6 8. O-O e5 9. f4 d6 10. fxe5 dxe5 11. Qxd8+ Kxd8 12. Bg5 Be7 13. Kh1 Be6 14. b4 Bxb4 15. Rxf6 gxf6 16. Bxf6+ Kc7 17. Bxe5+ Bd6 18. Bxh8 Rxh8 19. Rd1 Be5 20. Na4 Rd8 21. Rxd8 Kxd8 22. c4 Bd4 23. Bd3 Kc7 24. g3 Bh3 25. Be2 h6 26. Bf3 Kb7 27. g4 Ka6 28. e5 c5 29. a3 Ka5 30. Bd1 a6 0-1


[Site "https://www.chess.com"]

[Event "Titled Tuesday Blitz August 1 Early 2023"]
[White "Onufrienko, Vladislav"]
[Black "Javakhadze, Zurab"]
[WhiteFideId "13804332"]
[BlackFideId "13603647"]
[WhiteElo "2572"]
[BlackElo "2730"]
[Result "0-1"]
[Round "8"]
[TimeControl "180+1"]
[Date "2023.08.01"]
[WhiteClock "0:00:00"]
[BlackClock "0:01:02"]
[Board "49"]

1. e4 g6 2. d4 Bg7 3. Nc3 d6 4. f4 Nf6 5. Nf3 c5 6. dxc5 Qa5 7. Bd3 Qxc5 8. Qe2 O-O 9. Be3 Qb4 10. O-O Qxb2 11. Nb5 Qb4 12. Nc7 Nc6 13. Nxa8 Qa5 14. Rab1 Bg4 15. Rb5 Qd8 16. Rxb7 Qxa8 17. Rfb1 Qc8 18. h3 Be6 19. a4 a5 20. Nd4 Nb4 21. Nxe6 Qxe6 22. Bd2 Qa2 23. Re1 Qxa4 24. Rxe7 Nxc2 25. Qd1 Qd4+ 26. Kh1 Qxd3 27. Re2 Nd4 28. Re3 Qb5 29. e5 Nd5 0-1


[Site "https://www.chess.com"]

[Event "Titled Tuesday Blitz August 1 Early 2023"]
[White "Skvortsov, Andrei"]
[Black "Mendez Fortes, Eduardo Jesus"]
[WhiteFideId "24108600"]
[BlackFideId "3502376"]
[WhiteElo "2727"]
[BlackElo "2569"]
[Result "1-0"]
[Round "8"]
[TimeControl "180+1"]
[Date "2023.08.01"]
[WhiteClock "0:00:22"]
[BlackClock "0:00:08"]
[Board "50"]

1. e4 c5 2. d4 cxd4 3. Qxd4 Nc6 4. Qd3 Nf6 5. Nc3 e6 6. Bf4 Bb4 7. O-O-O Qa5 8. Nge2 O-O 9. a3 Bc5 10. f3 d5 11. exd5 exd5 12. Nxd5 Nxd5 13. Qxd5 Be6 14. Qd2 Bb4 15. Qe3 Rad8 16. Rxd8 Rxd8 17. Ng3 Bd2+ 18. Qxd2 Rxd2 19. Bxd2 Qc5 20. Ne4 Qb6 21. Be2 Nd4 22. Bd3 Qc7 23. Kb1 Bc4 24. Bc3 Bxd3 25. cxd3 Ne6 26. g3 h6 27. f4 Qd7 28. Rd1 Nc7 29. Ka1 Nd5 30. Bd2 b5 31. Nc3 Nf6 32. Be3 a5 33. b4 axb4 34. axb4 Qe6 35. Bc5 Qb3 36. Rc1 Nd7 37. d4 Nxc5 38. dxc5 Qxb4 39. c6 Qa5+ 40. Kb1 b4 41. Nd1 b3 42. Nc3 Qb6 43. Na4 Qb4 44. c7 Qxa4 45. c8=Q+ Kh7 46. Qf5+ 1-0


[Site "https://www.chess.com"]

[Event "Titled Tuesday Blitz August 1 Early 2023"]
[White "Ibadov, Dashgyn"]
[Black "Vakhlamov, Igor L."]
[WhiteFideId "24107514"]
[BlackFideId "24126748"]
[WhiteElo "2553"]
[BlackElo "2724"]
[Result "0-1"]
[Round "8"]
[TimeControl "180+1"]
[Date "2023.08.01"]
[WhiteClock "0:00:00"]
[BlackClock "0:00:15"]
[Board "51"]

1. e4 c5 2. Nf3 e6 3. g3 Nc6 4. Bg2 Nf6 5. Nc3 d5 6. exd5 exd5 7. d4 cxd4 8. Nxd4 Bg4 9. Nxc6 bxc6 10. Qd4 Be7 11. O-O O-O 12. Na4 Qa5 13. Bd2 Qb5 14. Rfe1 Rfe8 15. Bf1 Qb7 16. Bc3 Bf8 17. b3 Ne4 18. Bb2 c5 19. Qd3 Bd7 20. Nc3 Nxc3 21. Bxc3 d4 22. Bd2 Bc6 23. Rxe8 Rxe8 24. Re1 Rxe1 25. Bxe1 h5 26. c3 Qd7 27. cxd4 Qd5 28. f3 cxd4 29. Be2 h4 30. Bf2 hxg3 31. hxg3 Bc5 32. Kg2 g6 33. Qc4 Qd6 34. b4 Bb6 35. b5 Bd5 36. Qd3 Bxa2 37. Qe4 Kg7 38. g4 Bd5 39. Qd3 Qe6 40. Kg1 Qe5 41. Kg2 Qf4 42. Bg3 Qxg4 43. Kf2 Qe6 44. Bd1 Qe3+ 45. Qxe3 dxe3+ 46. Ke2 Bc4+ 47. Ke1 Bxb5 48. Be5+ f6 49. Bc3 g5 50. Bc2 a5 51. Be4 a4 52. Bd5 a3 53. Bb4 Kg6 54. Kd1 e2+ 55. Ke1 Bd4 56. Be4+ f5 57. Bc2 Kf6 0-1


[Site "https://www.chess.com"]

[Event "Titled Tuesday Blitz August 1 Early 2023"]
[White "Amilal Munkhdalai"]
[Black "feuervogel1000000"]
[WhiteFideId "4903250"]
[WhiteElo "2723"]
[BlackElo "2531"]
[Result "1-0"]
[Round "8"]
[TimeControl "180+1"]
[Date "2023.08.01"]
[WhiteClock "0:01:22"]
[BlackClock "0:01:55"]
[Board "52"]

1. e4 e5 2. Nf3 Nc6 3. Bb5 a6 4. Ba4 Nf6 5. d3 b5 6. Bb3 Be7 7. Nc3 d6 8. a4 b4 9. Nd5 O-O 10. Nxf6+ Bxf6 11. Bd5 Bd7 12. g4 Qe8 13. g5 Bd8 14. Be3 Rb8 15. h4 Ne7 16. Bc4 Bxa4 17. h5 b3 18. c3 Bb5 19. Qxb3 Bxc4 20. Qxc4 Rxb2 21. Bc1 Rb6 22. Rxa6 Qb5 23. Qxb5 Rxb5 24. Ke2 f5 25. gxf6 Rxf6 26. Ra8 Rf8 27. Ng5 Nc6 28. Ne6 Re8 29. Nxc7 Bxc7 30. Rxe8+ Kf7 31. Rc8 Rb7 32. Bg5 Ra7 33. h6 Bb6 1-0


[Site "https://www.chess.com"]

[Event "Titled Tuesday Blitz August 1 Early 2023"]
[White "Estrada Nieto, Julian"]
[Black "Preotu, Razvan"]
[WhiteFideId "5101018"]
[BlackFideId "2613280"]
[WhiteElo "2521"]
[BlackElo "2723"]
[Result "1-0"]
[Round "8"]
[TimeControl "180+1"]
[Date "2023.08.01"]
[WhiteClock "0:01:21"]
[BlackClock "0:00:05"]
[Board "53"]

1. e4 c5 2. Nf3 d6 3. Bb5+ Nd7 4. d4 cxd4 5. Qxd4 a6 6. Bxd7+ Bxd7 7. Nc3 e5 8. Qd3 Rc8 9. Nd2 Qc7 10. Nf1 Be6 11. Ne3 Nf6 12. a4 Be7 13. O-O O-O 14. Rd1 Qc5 15. a5 Bd8 16. Qxd6 Bxa5 17. Qxc5 Rxc5 18. Bd2 Rd8 19. Na4 1-0


[Site "https://www.chess.com"]

[Event "Titled Tuesday Blitz August 1 Early 2023"]
[White "Ardelean, George-Catalin"]
[Black "Tikhonov, Viacheslav"]
[WhiteFideId "1207091"]
[BlackFideId "44196407"]
[WhiteElo "2712"]
[BlackElo "2514"]
[Result "0-1"]
[Round "8"]
[TimeControl "180+1"]
[Date "2023.08.01"]
[WhiteClock "0:00:00"]
[BlackClock "0:00:13"]
[Board "54"]

1. d4 Nf6 2. Bf4 g6 3. Nc3 d5 4. e3 c6 5. Nf3 Bg7 6. Ne5 O-O 7. h4 Na6 8. h5 Nxh5 9. Rxh5 gxh5 10. Qxh5 Qe8 11. Qh2 f6 12. Bd3 f5 13. Kd2 Rf6 14. Rh1 h6 15. Ne2 Nb4 16. Ng3 Nxd3 17. cxd3 Be6 18. Nh5 Qf8 19. Qg3 Kh7 20. Rh4 Bf7 21. Nxf6+ exf6 22. Nd7 Qb4+ 23. Kc2 h5 24. Bd6 Qa4+ 25. Kc1 Rd8 26. Bf8 Rxf8 27. Nxf8+ Bxf8 28. Qc7 Kg8 29. Rh3 Qb4 30. Rg3+ Bg7 31. a3 Qe1+ 32. Kc2 Qxf2+ 33. Kb1 f4 34. Qc8+ Kh7 35. Qf5+ Kh6 36. Qxf4+ Qxf4 37. exf4 h4 38. Re3 Bg6 39. Re7 Bxd3+ 40. Kc1 Be4 41. Rxb7 Bxg2 0-1


[Site "https://www.chess.com"]

[Event "Titled Tuesday Blitz August 1 Early 2023"]
[White "Rendle, Thomas E"]
[Black "Gaal, Zsoka"]
[WhiteFideId "408760"]
[BlackFideId "777765"]
[WhiteElo "2688"]
[BlackElo "2489"]
[Result "1-0"]
[Round "8"]
[TimeControl "180+1"]
[Date "2023.08.01"]
[WhiteClock "0:00:36"]
[BlackClock "0:00:03"]
[Board "55"]

1. e4 Nf6 2. e5 Nd5 3. d4 d6 4. Nf3 g6 5. c4 Nb6 6. Nc3 Bg7 7. exd6 cxd6 8. a4 a5 9. h3 O-O 10. Be2 Nc6 11. d5 Nb4 12. O-O e6 13. Bg5 f6 14. Be3 e5 15. c5 Nd7 16. cxd6 f5 17. Ng5 Nc5 18. Nxh7 Kxh7 19. Bxc5 Na6 20. Bxa6 Rxa6 21. Nb5 Bd7 22. Rc1 b6 23. Nc7 Bc8 24. Ba3 Ra7 25. Rc6 f4 26. Ne6 Qh4 27. Nxf8+ Bxf8 28. Rxc8 Bg7 29. Rc7 1-0


[Site "https://www.chess.com"]

[Event "Titled Tuesday Blitz August 1 Early 2023"]
[White "Garcia Almaguer, Juan Manuel"]
[Black "Do Valle Cardoso, Lucas"]
[WhiteFideId "5110491"]
[BlackFideId "2163144"]
[WhiteElo "2491"]
[BlackElo "2672"]
[Result "0-1"]
[Round "8"]
[TimeControl "180+1"]
[Date "2023.08.01"]
[WhiteClock "0:02:02"]
[BlackClock "0:02:05"]
[Board "56"]

1. e4 c5 2. Nf3 d6 3. d4 cxd4 4. Nxd4 Nf6 5. Nc3 a6 6. Be2 e5 7. Nb3 Be7 8. Be3 Be6 9. Qd3 O-O 10. a4 Nc6 11. Nd5 Bxd5 12. exd5 Nb4 13. Qf5 g6 14. Qh3 Nxc2+ 15. Kd2 Nxa1 16. Rxa1 Nxd5 17. Bh6 Bg5+ 18. Ke1 Bxh6 19. Qxh6 Qb6 20. Nd2 Qxb2 21. Rb1 Qc3 22. Rxb7 Rab8 23. Rxb8 Rxb8 24. Bc4 Nf6 25. Qh4 Kg7 26. Ke2 d5 27. Bxa6 Rb4 28. Qg5 Rxa4 29. Qxe5 Qxe5+ 0-1


[Site "https://www.chess.com"]

[Event "Titled Tuesday Blitz August 1 Early 2023"]
[White "Foerster-Yialamas, Lucas"]
[Black "Rastbod, Ali"]
[WhiteFideId "30901774"]
[BlackFideId "12567477"]
[WhiteElo "2423"]
[BlackElo "2667"]
[Result "0-1"]
[Round "8"]
[TimeControl "180+1"]
[Date "2023.08.01"]
[WhiteClock "0:01:23"]
[BlackClock "0:02:25"]
[Board "57"]

1. e4 c6 2. d4 d5 3. e5 c5 4. c3 Nc6 5. f4 cxd4 6. cxd4 Bf5 7. Nf3 Qb6 8. Bd3 Bg4 9. Be2 e6 10. Nbd2 Nge7 11. b3 Nf5 12. Bb2 Ne3 13. Qc1 Nxg2+ 14. Kf2 Nxf4 15. Kg3 0-1


[Site "https://www.chess.com"]